 Dungeon Crawl Stone Soup version 0.19-a0-1225-gf887c1c (webtiles) character file.

38 LORDOFBUTT the Charlatan (level 3, 0/18 HPs)
             Began as a Spriggan Artificer on Aug 26, 2016.
             Slain by an adder (3 damage)
             ... on level 2 of the Dungeon.
             The game lasted 00:02:32 (1556 turns).

LORDOFBUTT the Charlatan (Spriggan Artificer)       Turns: 1556, Time: 00:02:34

Health: 0/18       AC:  2    Str:  8    XL:     3   Next: 25%
Magic:  7/7        EV: 19    Int: 12    God:
Gold:   161        SH:  0    Dex: 17    Spells: 0 memorised, 2 levels left

rFire  . . .     SeeInvis +     a - +0 short sword
rCold  . . .     Gourm    .     b - +0 robe
rNeg   . . .     Faith    .     (shield restricted)
rPois  .         Spirit   .     (helmet restricted)
rElec  .         Dismiss  .     (no cloak)
rCorr  .         Reflect  .     (gloves unavailable)
MR     .....     Harm     .     (boots unavailable)
Stlth  ++........               (no amulet)
                                (no ring)
                                (no ring)

@: lethally poisoned (0 -> -6), very quick
A: unfitting armour, see invisible, herbivore 3, speed 3, slow metabolism 2
a: no special abilities


You were on level 2 of the Dungeon.
You were not hungry.

You visited 1 branch of the dungeon, and saw 2 of its levels.

You collected 161 gold pieces.

Inventory:

Hand Weapons
 a - a +0 short sword (weapon)
Armour
 b - a +0 robe (worn)
Wands
 c - a wand of flame (3/48)
 d - a wand of enslavement (13/24)
 e - a wand of random effects (15/48)
Scrolls
 g - a scroll of remove curse {unknown}
 h - 2 scrolls of identify {unknown}
 i - 3 scrolls of amnesia {unknown}
 k - a scroll of magic mapping {unknown}
 l - a scroll of noise {unknown}
Potions
 j - a potion of curing {unknown}
 m - 2 potions of berserk rage {unknown}
Comestibles
 f - a bread ration


   Skills:
 + Level 1.2 Fighting
 + Level 1.3 Short Blades
 * Level 3.8 Dodging
 * Level 2.6 Stealth
 * Level 4.5 Evocations


You had 2 spell levels left.
You didn't know any spells.

Dungeon Overview and Level Annotations

Branches:
Dungeon (2/15)

Altars:


Innate Abilities, Weirdness & Mutations

You are tiny and cannot use many weapons and most armour.
You have supernaturally acute eyesight. (SInv)
You are a herbivore.
You cover ground extremely quickly.
You need consume almost no food.


Message History

The adder barely misses you.
You miss the adder.
The adder is heavily wounded.
The adder bites you.
* * * LOW HITPOINT WARNING * * *
You are too injured to fight recklessly!
You are too injured to fight recklessly!
You are too injured to fight recklessly!
Okay, then.
Evoke which item? (* to show all) (? for menu, Esc to quit)
Zapping:
c - a wand of flame (4/48)
Press: ? - help, Shift-Dir - straight line, f - adder
Aim: an adder (heavily wounded)
The puff of flame hits the adder.
The adder is almost dead.
This wand has 3 charges left.
The adder bites you.
* * * LOW HITPOINT WARNING * * *
You are lethally poisoned!
The adder poisons you! The adder bites you.
You die...

#.################# #.#
#... #.# #.## #.# #...
#.# ###. #.# # #####... #
...####.# ... ......#. .
........###..... #.....#.
# ........@S......
#.....#. #
##########.......#.....#.
# ......###+#... #
............. #
..........†.. #
............ #
............ #
###........ #.###........


You could see an adder.

Vanquished Creatures
  An adder (D:2)
  A worm (D:2)
  A dart slug (D:2)
  2 giant cockroaches
  4 goblins
  A hobgoblin (D:1)
  5 kobolds
  A ball python (D:1)
  3 bats (D:2)
  2 giant newts
  6 rats
27 creatures vanquished.

Vanquished Creatures (collateral kills)
  A giant cockroach (D:2)
  3 hobgoblins (D:2)
  A goblin (D:2)
5 creatures vanquished.

Vanquished Creatures (others)
  A dart slug (D:2)
1 creature vanquished.

Grand Total: 33 creatures vanquished

Notes
Turn   | Place    | Note
-------+----------+-------------------------------------------
     0 | D:1      | LORDOFBUTT the Spriggan Artificer began the quest for the Orb.
     0 | D:1      | Reached XP level 1. HP: 9/9 MP: 4/4
   353 | D:1      | Reached skill level 1 in Fighting
   625 | D:1      | Reached XP level 2. HP: 13/14 MP: 6/6
  1437 | D:2      | Reached XP level 3. HP: 8/18 MP: 7/7
  1556 | D:2      | Slain by an adder

Vault maps used:
D:1:      dpeg_arrival_tiny_a, minivault_5, roderic_filled_cross
D:2:      minmay_door_path, nicolae_overflow_hidden_temple, minmay_pentomino_w4

Skill      XL: |  1 |
---------------+----+-----
Stealth        | 2 |  2.6
Fighting       | 1 |  1.2
Short Blades   | |  1.3
Dodging        | |  3.8
Evocations     | |  4.5

Action                   || total
-------------------------++-------
Melee: Short sword       ||    92
Evoke: Wand              ||    14
 Stab: Sleeping          ||     2
Armor: Robe              ||    11
Dodge: Dodged            ||    87
